 Dungeon Crawl Stone Soup version 0.24-a0-537-g2d01d4ab0a (webtiles) character file.

Game seed: 14577380366590254383

62552 GordonOverkill the Severer (level 15, -6/101 HPs)
             Began as a Tengu Skald on Aug 14, 2019.
             Was a High Priest of Okawaru.
             Mangled by an entropy weaver
             ... wielding a +0 flail of draining
              (8 damage)
             ... on level 6 of the Lair of Beasts.
             The game lasted 01:04:41 (25772 turns).

GordonOverkill the Severer (Tengu Skald)           Turns: 25772, Time: 01:04:41

Health: -6/101     AC:  0    Str: 20    XL:     15   Next: 6%
Magic:  11/23      EV: 21    Int: 14    God:    Okawaru [*****.]
Gold:   1032       SH:  5    Dex: 14    Spells: 13/24 levels left

rFire    + . .     SeeInvis .   a - +0 broad axe
rCold    + . .     Gourm    .   c - +1 buckler of the Ditch-Digger {Str+3}
rNeg     + + .     Faith    .   m - +3 troll leather armour {Snorg}
rPois    .         Spirit   .   R - +1 hat
rElec    .         Reflect  .   z - +2 cloak
rCorr    .         Harm     .   h - +2 pair of gloves
MR       ++...     Clarity  +   (boots unavailable)
Stlth    +.........             (no amulet)
HPRegen  0.66/turn              q - +3 ring of evasion
MPRegen  0.18/turn              M - ring "Duakk" {rF+ rC+ rN++}

@: infused, corroded, flying quickly and evasively, heavily drained, quick
A: beak, talons 3, clarity, magic resistance 1, robust 1, able to fly
a: Stop Flying, Heroism, Finesse, Renounce Religion


You were on level 6 of the Lair of Beasts.
You worshipped Okawaru.
Okawaru was extremely pleased with you.
You were not hungry.

You visited 3 branches of the dungeon, and saw 17 of its levels.
You also visited: Ossuary and Ice Cave.

You collected 1032 gold pieces.

Inventory:

Hand Weapons
 a - a +0 broad axe (weapon)
 b - the +7 dagger of Grandeur {pierce, MR- Str+5}
   (You found it on level 4 of the Dungeon)

   It inflicts extra damage upon your enemies.
   It affects your strength (+5).
   It affects your resistance to hostile enchantments.
Missiles
 p - 13 boomerangs (quivered)
 x - 3 throwing nets
Armour
 c - the +1 buckler of the Ditch-Digger (worn) {Str+3}
   (You acquired it on level 10 of the Dungeon)

   It affects your strength (+3).
 h - a +2 pair of gloves (worn)
 m - a +3 troll leather armour (worn) {Snorg}
 z - a +2 cloak (worn)
 R - a +1 hat (worn)
Jewellery
 i - a cursed ring of attention {unknown}
 q - a +3 ring of evasion (left hand)
 u - an uncursed ring of protection from fire
 M - the ring "Duakk" (right hand) {rF+ rC+ rN++}
   (You found it on level 10 of the Dungeon)

   [ring of protection from fire]

   It protects you from fire.
   It protects you from cold.
   It greatly protects you from negative energy.
Wands
 v - a wand of disintegration (13)
 A - a wand of digging (12)
 C - a wand of paralysis (12)
 F - a wand of flame (22)
 I - a wand of enslavement (9)
 J - a wand of random effects (19)
Scrolls
 e - 12 scrolls of remove curse
 g - 2 scrolls of enchant weapon
 l - a scroll of brand weapon
 o - 4 scrolls of fear
 w - a scroll of blinking
 y - 2 scrolls of fog
 B - 4 scrolls of immolation
 G - 3 scrolls of teleportation
Potions
 f - a potion of might
 j - 4 potions of haste
 k - 3 potions of resistance
 n - 3 potions of agility
 r - a potion of curing
 s - a potion of magic
 t - 2 potions of invisibility
 E - 2 potions of brilliance
 H - a potion of mutation
 L - a potion of ambrosia
 N - 2 potions of lignification
Comestibles
 d - 17 rations
 P - 6 chunks of flesh


   Skills:
 - Level 10.0(8.1) Fighting
 + Level 15.7(13.6) Axes
 - Level 12.0(10.0) Armour
 - Level 8.0(6.2) Dodging
 - Level 4.0(2.5) Shields
 - Level 5.0(3.4) Spellcasting
 - Level 8.0(6.2) Charms
 - Level 5.0(3.4) Necromancy
 - Level 2.0(0.5) Translocations
 - Level 7.0(5.3) Invocations


You had 13 spell levels left.
You knew the following spells:

 Your Spells              Type           Power        Failure   Level  Hunger
a - Infusion              Chrm           ###.         2%          1    #......
b - Song of Slaying       Chrm           ###.....     3%          2    ##.....
c - Shroud of Golubria    Chrm/Tloc      ##....       11%         2    ##.....
d - Regeneration          Chrm/Necr      ###.......   12%         3    ###....
e - Vampiric Draining     Necr           ##........   21%         3    ###....

Your spell library contained the following spells:

 Spells                   Type           Power        Failure   Level  Hunger
 Animate Skeleton         Necr           N/A          7%          1    #......
 Pain                     Necr           ##..         7%          1    #......
 Corpse Rot               Necr           N/A          11%         2    ##.....
 Swiftness                Chrm/Air       ##......     12%         2    ##.....
 Spectral Weapon          Hex/Chrm       ##......     24%         3    ###....
 Sandblast                Erth           #.....       28%         1    #......
 Passwall                 Tmut/Erth      #.......     38%         2    ##.....
 Animate Dead             Necr           N/A          56%         4    #####..
 Static Discharge         Conj/Air       #.......     63%         3    ###....
 Stone Arrow              Conj/Erth      #.....       63%         3    ###....
 Passage of Golubria      Tloc           N/A          92%         4    #####..
 Ice Form                 Ice/Tmut       #.......     95%         4    #####..
 Leda's Liquefaction      Hex/Erth       #.........   95%         4    #####..
 Petrify                  Tmut/Erth      #.......     95%         4    #####..
 Lee's Rapid Deconstruct  Erth           #.........   100%        5    ######.
 Lightning Bolt           Conj/Air       #.........   100%        5    ######.
 Metabolic Englaciation   Hex/Ice        #.........   100%        5    ######.
 Summon Forest            Summ/Tloc      #.........   100%        5    ######.
 Bolt of Cold             Conj/Ice       #.........   100%        6    #######
 Darkness                 Hex            #.........   100%        6    #######
 Freezing Cloud           Conj/Ice/Air   #.........   100%        6    #######
 Hydra Form               Tmut           #.........   100%        6    #######
 Invisibility             Hex            #.......     100%        6    #######
 Ozocubu's Refrigeration  Ice            #.........   100%        6    #######
 Simulacrum               Ice/Necr       #.........   100%        6    #######
 Summon Hydra             Summ           #.........   100%        7    #######
 Ignition                 Fire           #.........   100%        8    #######
 Shatter                  Erth           #.........   100%        9    #######
 Tornado                  Air            #.........   100%        9    #######


Dungeon Overview and Level Annotations

Branches:
Dungeon (10/15)            Temple (1/1) D:6            Lair (6/6) D:8
 Shoals (0/4) Lair:4       Spider (0/4) Lair:4        Slime (0/5) Lair:5
    Orc (0/2) D:10

Altars:
Ashenzari
Cheibriados
Dithmenos
Elyvilon
Fedhas
Gozag
Hepliaklqana
Kikubaaqudgha
Makhleb
Nemelex Xobeh
Okawaru
Qazlal
Ru
Sif Muna
Trog
Uskayaw
Vehumet
Wu Jian
Xom
Yredelemnul
Zin
The Shining One

Annotations:
Lair:2 1 runed translucent door, Zaamme Wyni's ghost, journeyman HuAr


Innate Abilities, Weirdness & Mutations

You have a beak for a mouth.
You have claws for feet.
You can fly continuously.
You possess an exceptional clarity of mind.
You are resistant to hostile enchantments. (MR+)
You are robust. (+10% HP)


Message History

The entropy weaver hits you with a +0 flail of draining!
* * * LOW HITPOINT WARNING * * *
You partially resist.
You feel drained.
You are too injured to fight recklessly!
You barely miss the entropy weaver.
You claw the entropy weaver, but do no damage.
Your peck misses the entropy weaver.
The entropy weaver is moderately wounded.
The entropy weaver hits you with a +0 flail of draining.
* * * LOW HITPOINT WARNING * * *
You partially resist.
You feel drained. The entropy weaver barely misses you.
The entropy weaver misses you.
The entropy weaver hits you with a +0 flail of draining!
* * * LOW HITPOINT WARNING * * *
You partially resist.
You feel drained.
You are too injured to fight recklessly!
You hit the entropy weaver. Your peck misses the entropy weaver.
The entropy weaver is heavily wounded.
The entropy weaver hits you with a +0 flail of draining!
You die...

!...#..............####.###
#..............#.# ##.##
.............###.# #.F.#
....#.#...#.## ####'#'##
..P.#.....#..P### #...F....
......#..##...# ##...#...÷
.#...P.# #a.## #P..#.#..#
##......###)..######..#####.
#P..#....##@####.##..[.#...#
#...#.......a.###........P..
#...#..P...<...........#...
#.....................P#
#....##...###P....##..#...≈.
#....##.### ########.##P....
#.....#..### #######...#.....
###.##.#...###...#.#...#...≈≈
.. ##....F.t.........#.P≈≈≈


You could see an entropy weaver and a soldier ant.

Vanquished Creatures
  Rupert (Lair:4)
  A frost giant (IceCv)
  Snorg (Lair:4)
  A centaur warrior (D:10)
  12 hydras
  A two-headed ogre (D:7)
  6 death yaks
  2 manticores (Lair:4)
  An ice statue (IceCv)
  Maurice (D:10)
  27 spiny frogs
  3 black mambas
  A centaur skeleton (D:10)
  9 rime drakes
  6 komodo dragons
  2 ice devils (Lair:6)
  A troll (D:10)
  14 polar bears
  2 tyrant leeches (Lair:6)
  Prince Ribbit (D:7)
  16 hippogriffs
  24 blink frogs
  Sigmund (D:3)
  34 yaks
  3 wyverns
  5 vampire mosquitoes (Lair:6)
  4 basilisks (Lair:4)
  6 soldier ants (Lair:6)
  10 water moccasins
  Duvessa (D:7)
  3 orc warriors
  13 porcupines
  2 phantoms
  6 sky beasts
  3 ice beasts
  A black bear (D:8)
  2 necrophages
  4 ogres
  30 wolves
  5 centaurs
  2 big kobolds
  13 crocodiles
  22 bullfrogs
  Dowan (D:7)
  2 scorpions
  4 howler monkeys
  4 wights (D:10)
  3 crimson imps
  2 centaur zombies
  Crazy Yiuf (D:3)
  3 hounds
  6 jellies
  A human zombie (Ossuary)
  5 orc priests
  11 orc wizards
  A bullfrog skeleton (D:4)
  An iguana (D:7)
  8 worker ants
  2 big kobold zombies (Ossuary)
  3 mummies (Ossuary)
  3 gnolls (D:4)
  10 adders
  2 shadow imps
  2 oozes
  An adder zombie (D:7)
  7 worms
  3 dart slugs
  5 leopard geckos
  29 orcs
  3 giant cockroaches
  2 gnoll zombies (Ossuary)
  10 goblins
  10 hobgoblins
  19 jackals
  9 quokkas
  2 ball pythons
  8 bats
  10 frilled lizards
  2 hobgoblin zombies (Ossuary)
  7 kobolds
  A leopard gecko zombie (D:6)
  8 rats
  2 fungi
  3 plants
519 creatures vanquished.

Vanquished Creatures (others)
  Harold (D:7)
  A bush (Lair:2)
  28 fungi
  64 plants
94 creatures vanquished.

Grand Total: 613 creatures vanquished

Notes
Turn   | Place    | Note
-------+----------+-------------------------------------------
     0 | D:1      | GordonOverkill the Tengu Skald began the quest for the Orb.
     0 | D:1      | Reached XP level 1. HP: 12/12 MP: 4/4
    54 | D:1      | Reached XP level 2. HP: 11/17 MP: 4/6
   775 | D:1      | Reached XP level 3. HP: 21/21 MP: 4/7
  1569 | D:2      | Found a faded altar of an unknown god.
  1598 | D:2      | Reached XP level 4. HP: 14/27 MP: 0/8
  1736 | D:2      | Learned a level 2 spell: Song of Slaying
  1739 | D:2      | Learned a level 2 spell: Shroud of Golubria
  2900 | D:3      | Gained mutation: You can fly continuously. [Tengu growth]
  2900 | D:3      | Reached XP level 5. HP: 18/31 MP: 5/9
  3119 | D:3      | Reached skill level 3 in Axes
  3329 | D:3      | Learned a level 3 spell: Regeneration
  3493 | D:3      | Noticed Sigmund
  3507 | D:3      | Killed Sigmund
  3507 | D:3      | Reached skill level 1 in Necromancy
  3507 | D:3      | Reached skill level 1 in Translocations
  3507 | D:3      | Reached XP level 6. HP: 29/37 MP: 2/11
  3903 | D:3      | Found a runed translucent door.
  3904 | D:3      | Noticed Crazy Yiuf
  3916 | D:3      | Killed Crazy Yiuf
  4246 | D:4      | Reached XP level 7. HP: 11/41 MP: 7/12
  4907 | D:4      | Found a glowing golden altar of the Shining One.
  4907 | D:4      | Found a hazy altar of Hepliaklqana.
  5061 | D:4      | Reached skill level 4 in Axes
  5205 | D:4      | Found a basalt altar of Yredelemnul.
  5205 | D:4      | Found a shimmering blue altar of Sif Muna.
  5206 | D:4      | Found a hide-covered altar of Uskayaw.
  5589 | D:4      | Got a jewelled dagger
  5592 | D:4      | Identified the +7 dagger of Grandeur {pierce, MR- Str+5}
                  | (You found it on level 4 of the Dungeon)
  5752 | D:5      | Entered Level 5 of the Dungeon
  5763 | D:5      | Reached XP level 8. HP: 43/47 MP: 1/13
  5866 | D:5      | Found a sacrificial altar of Ru.
  6801 | D:6      | Reached skill level 5 in Dodging
  7068 | D:6      | Reached skill level 5 in Axes
  7195 | D:6      | Found a staircase to the Ecumenical Temple.
  7796 | Temple   | Entered the Ecumenical Temple
  7919 | Temple   | Became a worshipper of Warmaster Okawaru
  8003 | D:7      | Reached skill level 1 in Invocations
  8003 | D:7      | Reached XP level 9. HP: 38/52 MP: 8/16
  8043 | D:7      | Noticed Harold
  8103 | D:7      | Killed Harold
  8103 | D:7      | Reached skill level 5 in Fighting
  8103 | D:7      | Reached skill level 6 in Axes
  8103 | D:7      | Reached skill level 5 in Armour
  8108 | D:7      | Reached skill level 5 in Necromancy
  8408 | D:7      | Reached * piety under Okawaru
  8415 | D:7      | Found a sand-covered staircase.
  8443 | Ossuary  | Entered an ossuary
  9062 | D:7      | Noticed Dowan
  9062 | D:7      | Noticed Duvessa
  9086 | D:7      | Killed Duvessa
  9099 | D:7      | Killed Dowan
  9101 | D:7      | Gained mutation: You are resistant to hostile enchantments.
                  | (MR+) [potion of mutation]
  9101 | D:7      | Gained mutation: You are dopey. (Int -2) [potion of
                  | mutation]
  9101 | D:7      | Gained mutation: You expend magic power (3 MP) to
                  | strengthen your wands. [potion of mutation]
  9101 | D:7      | Gained mutation: You are agile. (Dex +2) [potion of
                  | mutation]
  9102 | D:7      | Lost mutation: You expend magic power (3 MP) to strengthen
                  | your wands. [potion of mutation]
  9102 | D:7      | Lost mutation: You are dopey. (Int -2) [potion of mutation]
  9102 | D:7      | Lost mutation: You are agile. (Dex +2) [potion of mutation]
  9102 | D:7      | Gained mutation: You are robust. (+10% HP) [potion of
                  | mutation]
  9102 | D:7      | Gained mutation: You possess an exceptional clarity of
                  | mind. [potion of mutation]
  9109 | D:7      | HP: 3/60 [poisoned by Dowan]
  9114 | D:7      | HP: 2/60 [poisoned by Dowan]
  9119 | D:7      | HP: 3/60 [poisoned by Dowan]
  9126 | D:7      | HP: 3/60 [poisoned by Dowan]
  9131 | D:7      | HP: 2/60 [poisoned by Dowan]
  9138 | D:7      | HP: 2/60 [poisoned by Dowan]
  9146 | D:7      | HP: 1/60 [poisoned by Dowan]
  9942 | D:7      | Noticed a two-headed ogre
  9958 | D:7      | Killed a two-headed ogre
  9958 | D:7      | Reached ** piety under Okawaru
  9958 | D:7      | Reached skill level 7 in Axes
  9958 | D:7      | Reached XP level 10. HP: 52/66 MP: 10/17
 10125 | D:7      | Found a bloodstained altar of Trog.
 10130 | D:7      | Learned a level 3 spell: Vampiric Draining
 10130 | D:7      | Noticed Prince Ribbit
 10313 | D:7      | Killed Prince Ribbit
 10671 | D:8      | Reached *** piety under Okawaru
 10821 | D:8      | Found a staircase to the Lair.
 12115 | D:9      | Reached **** piety under Okawaru
 12617 | D:9      | Reached skill level 8 in Axes
 12771 | D:9      | Reached skill level 5 in Charms
 12876 | D:9      | Reached skill level 5 in Invocations
 12876 | D:9      | Reached XP level 11. HP: 61/73 MP: 0/18
 13067 | D:10     | Entered Level 10 of the Dungeon
 13529 | D:10     | Identified a scroll of acquirement
 13534 | D:10     | Got a crude buckler
 13540 | D:10     | Identified the +1 buckler of the Ditch-Digger {Str+3} (You
                  | acquired it on level 10 of the Dungeon)
 13790 | D:10     | Noticed a centaur warrior
 13807 | D:10     | Noticed Maurice
 13809 | D:10     | Killed a centaur warrior
 13809 | D:10     | Reached skill level 1 in Shields
 14191 | D:10     | Killed Maurice
 14191 | D:10     | Reached ***** piety under Okawaru
 14823 | D:10     | Got a wavering platinum ring
 15257 | D:10     | Found a staircase to the Orcish Mines.
 15590 | Lair:1   | Entered Level 1 of the Lair of Beasts
 15631 | Lair:1   | Reached skill level 5 in Spellcasting
 15663 | Lair:1   | Noticed a six-headed hydra
 15671 | Lair:1   | Killed a six-headed hydra
 15671 | Lair:1   | Received a gift from Okawaru
 15671 | Lair:1   | Reached skill level 9 in Axes
 15882 | Lair:1   | Got a bloodstained trident
 15897 | Lair:1   | Identified the cursed +2 trident "Obagyf" {drain, Str+8
                  | Int-3} (You found it on level 1 of the Lair of Beasts)
 17090 | Lair:2   | Identified the ring "Duakk" {rF+ rC+ rN++} (You found it on
                  | level 10 of the Dungeon)
 17255 | Lair:2   | Reached XP level 12. HP: 79/79 MP: 2/20
 17611 | Lair:2   | Found a runed translucent door.
 17616 | Lair:2   | Noticed Zaamme Wyni's ghost (journeyman HuAr)
 17637 | Lair:2   | Identified the +3 spear of Peace {pierce, *Slow MP+9 Int+2}
 17637 | Lair:2   | Noticed a spriggan rider
 17834 | Lair:2   | Reached skill level 10 in Axes
 18431 | Lair:2   | Reached skill level 10 in Armour
 19743 | Lair:3   | Noticed a death yak
 19743 | Lair:3   | Noticed a death yak
 19760 | Lair:3   | Noticed a death yak
 19765 | Lair:3   | Noticed a death yak
 19765 | Lair:3   | Noticed a death yak
 19767 | Lair:3   | Noticed a death yak
 19774 | Lair:3   | Killed a death yak
 19810 | Lair:3   | Killed a death yak
 19838 | Lair:2   | Killed a death yak
 19838 | Lair:2   | Received a gift from Okawaru
 19841 | Lair:2   | Got a warped scimitar {god gift}
 19845 | Lair:2   | Identified the +1 scimitar "Huogg" {drain, Str+2 Int+4}
                  | (Okawaru gifted it to you on level 2 of the Lair of Beasts)
 20032 | Lair:3   | Noticed an eight-headed hydra
 20073 | Lair:3   | Reached skill level 11 in Axes
 20083 | Lair:3   | Killed an eight-headed hydra
 20331 | Lair:3   | Reached XP level 13. HP: 68/85 MP: 16/21
 20378 | Lair:3   | You are sucked into a shaft and drop 2 floors!
 20602 | Lair:4   | Reached skill level 12 in Axes
 20778 | Lair:4   | Found a hole to the Spider Nest.
 20942 | Lair:4   | Noticed Rupert
 20957 | Lair:4   | Killed Rupert
 21296 | Lair:4   | Reached ****** piety under Okawaru
 21296 | Lair:4   | Received a gift from Okawaru
 22124 | Lair:4   | Noticed Snorg
 22134 | Lair:4   | Killed Snorg
 22144 | Lair:4   | Reached skill level 13 in Axes
 22450 | Lair:4   | Reached skill level 10 in Fighting
 22653 | Lair:4   | Found a staircase to the Shoals.
 23081 | Lair:5   | Reached XP level 14. HP: 79/96 MP: 8/22
 23090 | Lair:5   | Reached skill level 14 in Axes
 23477 | Lair:5   | Found a staircase to the Slime Pits.
 23718 | Lair:6   | Entered Level 6 of the Lair of Beasts
 23780 | Lair:6   | Received a gift from Okawaru
 24339 | Lair:6   | Noticed an entropy weaver
 24445 | Lair:6   | Found a frozen archway.
 24450 | IceCv    | Entered an ice cave
 24753 | IceCv    | Noticed a frost giant
 24775 | IceCv    | Killed a frost giant
 24808 | IceCv    | Reached skill level 15 in Axes
 24822 | IceCv    | Received a gift from Okawaru
 24830 | IceCv    | Got a fine executioner's axe {god gift}
 25480 | Lair:6   | Identified the +1 executioner's axe of Compassion {elec,
                  | Str+2} (Okawaru gifted it to you in an ice cave)
 25509 | Lair:6   | Reached XP level 15. HP: 98/101 MP: 11/23
 25771 | Lair:6   | HP: 1/101 [entropy weaver/+0 flail of draining (15)]
 25772 | Lair:6   | Mangled by an entropy weaver

Levels and vault maps discovered:
D:1:      scummos_arrival_simple_crosswalls, layout_rooms, minmay_domino_2
D:2:      minmay_inner_zag, layout_basic, chequers_ecumenical_altar_simple_redux
D:3:      layout_basic, uniq_sigmund, uniq_crazy_yiuf_cottage
D:4:      layout_basic, gammafunk_temple_overflow_forgotten,
          gammafunk_temple_overflow_elements, st_stairs_5
D:5:      mumra_celtic_spiral_tile, layout_rooms,
          nicolae_ru_sacrificial_ziggurat, first_ration
D:6:      layout_basic, temple_doors_e
D:7:      layout_loops_ring, nicolae_overflow_crystal_walls,
          nicolae_ossuary_entry_plus, enter_bailey_3, uniq_prince_ribbit1,
          uniq_harold, uniq_duvessa
D:8:      layout_basic, due_lair_maze_entry_diamond, blue_anna_alchemist
          [blue_anna_fruit_fields, blue_anna_fruit_fields]
D:9:      layout_irregular_city
D:10:     layout_gridville, orc_david_3, minmay_checkerbox, uniq_maurice
Temple:   regret_index_temple_waves
Lair:1:   layout_chaotic_city
Lair:2:   layout_loops_ring, ebering_ghost_funeral_grove, grunt_megastairs_5,
          infiniplex_staircase_pool_2
Lair:3:   layout_long_grid, grunt_megastairs_1
Lair:4:   layout_roguey [special_room_mythical_zoo], minmay_shoals_entry_beasts,
          dummy_spider_entry, uniq_snorg, uniq_rupert
Lair:5:   layout_roguey, minmay_slime_entry_pillars
Lair:6:   minmay_lair_end_frog_pond, layout_loops_ring,
          portal_ice_cave_demonic_guard, chequers_serial_rivers_small_b,
          zaba_antful_of_joy

Skill      XL: |  1  2  3  4  5  6  7  8  9 10 11 12 13 14 |
---------------+-------------------------------------------+-----
Armour         | 2 3 4 6 7 9 10 12 | 12.0
Dodging        | 3 4 5 8 |  8.0
Axes           | 3 4 5 7 8 9 11 13 15 | 15.7
Charms         | 3 4 5 6 8 |  8.0
Fighting       | 3 4 6 7 8 10 | 10.0
Necromancy     | 1 2 4 5 |  5.0
Translocations | 1 2 |  2.0
Spellcasting   | 3 4 5 |  5.0
Invocations    | 1 3 5 7 |  7.0
Shields        | 4 |  4.0

Action                   |  1- 3 |  4- 6 |  7- 9 | 10-12 | 13-15 || total
-------------------------+-------+-------+-------+-------+-------++-------
Melee: Hand axe          |    84 |   166 |   388 |   714 |       ||  1352
       Peck              |    11 |    26 |    83 |   183 |   149 ||   452
       Kick              |    20 |    30 |   111 |   290 |   252 ||   703
       Dagger            |       |       |       |   102 |    63 ||   165
       Broad axe         |       |       |       |    13 |   620 ||   633
Throw: Stone             |     1 |       |       |       |       ||     1
       Throwing net      |       |       |     4 |       |       ||     4
       Boomerang         |       |       |       |     4 |     1 ||     5
 Cast: Infusion          |    16 |    24 |    42 |    78 |    31 ||   191
       Shroud of Golubri |       |     3 |    15 |    43 |    13 ||    74
       Song of Slaying   |       |     2 |    10 |    16 |    14 ||    42
       Regeneration      |       |     1 |     6 |     5 |     7 ||    19
Invok: Heroism           |       |       |       |     7 |    22 ||    29
       Finesse           |       |       |       |     1 |     7 ||     8
 Abil: Fly               |       |     1 |       |       |       ||     1
Evoke: Wand              |       |     1 |       |    17 |     2 ||    20
  Use: Scroll            |       |       |    15 |    14 |    13 ||    42
       Potion            |       |       |    12 |     1 |     3 ||    16
 Stab: Paralysed         |       |     4 |       |     1 |       ||     5
       Sleeping          |       |       |     1 |       |       ||     1
       Invisible         |       |       |    10 |       |       ||    10
       Held in net/web   |       |       |     1 |       |       ||     1
  Eat: Chunk             |     3 |     9 |    17 |    26 |    15 ||    70
       Ration            |       |       |     1 |     3 |     1 ||     5
Armor: Leather armour    |    29 |    22 |    23 |       |       ||    74
       Scale mail        |       |       |    50 |   179 |    24 ||   253
       Skin              |       |       |     7 |       |       ||     7
       Troll leather arm |       |       |       |       |   139 ||   139
Dodge: Dodged            |    70 |   114 |   280 |   602 |   675 ||  1741
Block: Buckler           |       |       |       |   140 |   259 ||   399

Table legend:
 A = Non-vault XP
 B = Vault XP
 C = Vault XP percentage of total XP
 D = Non-vault monster count
 E = Vault monster count
 F = Vault count percentage of total count
                 A         B        C        D         E       F
            +---------+---------+-------+---------+---------+-------
      Total |   48266 |   41095 |  46.0 |     347 |     168 |  32.6
            +---------+---------+-------+---------+---------+-------
        D:1 |      35 |       5 |  12.5 |      21 |       2 |   8.7
        D:2 |      78 |      28 |  26.4 |      24 |       6 |  20.0
        D:3 |     120 |     265 |  68.8 |      33 |       2 |   5.7
        D:4 |     597 |      16 |   2.6 |      19 |       2 |   9.5
        D:5 |     571 |       0 |   0.0 |      14 |       0 |   0.0
        D:6 |     470 |       0 |   0.0 |      15 |       0 |   0.0
        D:7 |    2118 |    1393 |  39.7 |      29 |       8 |  21.6
        D:8 |    1148 |    1045 |  47.7 |      15 |       9 |  37.5
        D:9 |    1594 |       0 |   0.0 |      22 |       0 |   0.0
       D:10 |    2566 |    1818 |  41.5 |      23 |      10 |  30.3
     Lair:1 |    2699 |       0 |   0.0 |      11 |       0 |   0.0
     Lair:2 |    7131 |     518 |   6.8 |      30 |       2 |   6.2
     Lair:3 |   10315 |     468 |   4.3 |      29 |       1 |   3.3
     Lair:4 |    4537 |   13092 |  74.3 |      18 |      26 |  59.1
     Lair:5 |    2230 |     689 |  23.6 |       9 |       6 |  40.0
     Lair:6 |   12057 |   12082 |  50.1 |      35 |      47 |  57.3
    Ossuary |       0 |     196 | 100.0 |       0 |      11 | 100.0
      IceCv |       0 |    9480 | 100.0 |       0 |      36 | 100.0
            +---------+---------+-------+---------+---------+-------
